 Dungeon Crawl Stone Soup version 0.20.1-1-g8b1a95d (webtiles) character file.

3054 vatarom the Summoner (level 9, -3/69 HPs)
             Began as a Demonspawn Summoner on Oct 2, 2017.
             Was a Follower of Ashenzari.
             Slain by a wyvern (15 damage)
             ... on level 9 of the Dungeon.
             The game lasted 00:37:06 (12156 turns).

vatarom the Summoner (Demonspawn Summoner)         Turns: 12156, Time: 00:37:06

Health: -3/69      AC:  6    Str:  8    XL:     9   Next: 57%
Magic:  0/15       EV: 11    Int: 23    God:    Ashenzari [*.....]
Gold:   557        SH:  0    Dex: 13    Spells: 2/16 levels left

rFire    . . .     SeeInvis .   n - +0 trident (vamp) (curse)
rCold    . . .     Gourm    .   (no shield)
rNeg     . . .     Faith    .   j - +1 leather armour (curse)
rPois    .         Spirit   +   (no helmet)
rElec    .         Reflect  .   (no cloak)
rCorr    .         Harm     .   (no gloves)
MR       .....                  (no boots)
Stlth    +++.......             (no amulet)
Regen    0.3/turn               l - +2 ring of intelligence (curse)
MPRegen  0.2/turn               y - ring of wizardry (curse)

@: confused, very slightly contaminated
A: claws 1, icy blue scales 1, nightstalker 2, magic shield
a: Curse Item, Scrying, Renounce Religion


You were on level 9 of the Dungeon.
You worshipped Ashenzari.
Ashenzari was aware of your devotion.
You were not hungry.

You visited 2 branches of the dungeon, and saw 10 of its levels.
You also visited: Sewer.

You collected 557 gold pieces.

Inventory:

Hand Weapons
 n - a cursed +0 vampiric trident (weapon)
Missiles
 D - 59 arrows
Armour
 j - a cursed +1 leather armour (worn)
Jewellery
 l - a cursed +2 ring of intelligence (left claw)
 y - a cursed ring of wizardry (right claw)
Wands
 o - a wand of iceblast (6/15)
 r - a wand of polymorph (9/24)
 u - a wand of random effects (15/48)
Scrolls
 d - 7 scrolls of teleportation
 h - a scroll of enchant weapon
 m - 2 scrolls of amnesia
 p - 3 scrolls of recharging
 t - 2 scrolls of magic mapping
 B - a scroll of remove curse
 C - 2 scrolls of fear
Potions
 e - 4 potions of might
 f - a potion of agility
 k - 2 potions of lignification
 v - 2 potions of invisibility
 A - a potion of brilliance
Books
 b - a book of Callings

   Spells                             Type                      Level
   a - Summon Small Mammal            Summoning                    1
   b - Call Imp                       Summoning                    2
   c - Call Canine Familiar           Summoning                    3
   d - Summon Guardian Golem          Hexes/Summoning              3
   e - Summon Lightning Spire         Summoning/Air                4
   f - Summon Ice Beast               Ice/Summoning                4
Miscellaneous
 s - a fan of gales
Comestibles
 c - 3 bread rations
 i - 3 meat rations
 q - 5 fruits
 w - a royal jelly


   Skills:
 + Level 6.1 Fighting
 * Level 5.5 Polearms
 + Level 4.3 Armour
 - Level 1.7 Dodging
 - Level 1.7 Stealth
 - Level 4.0 Spellcasting
 + Level 8.3 Summonings
 - Level 2.3 Air Magic


You had 2 spell levels left.
You knew the following spells:

 Your Spells              Type           Power        Failure   Level  Hunger
a - Summon Small Mammal   Summ           ####         1%          1    None
b - Call Imp              Summ           #####...     1%          2    #......
c - Call Canine Familiar  Summ           #####...     1%          3    ##.....
d - Summon Lightning Spi  Summ/Air       ####....     6%          4    ####...
e - Summon Ice Beast      Ice/Summ       ###.....     11%         4    ####...


Dungeon Overview and Level Annotations

Branches:
Dungeon (9/15)             Temple (1/1) D:6            Lair (0/6) D:9
    Orc: D:9-12

Altars:
Ashenzari
Cheibriados
Dithmenos
Elyvilon
Fedhas
Gozag
Hepliaklqana
Kikubaaqudgha
Makhleb
Nemelex Xobeh
Okawaru
Qazlal
Ru
Sif Muna
Trog
Uskayaw
Vehumet
Xom
Yredelemnul
Zin
The Shining One

Shops:
D:6 }

Annotations:
D:9 kalagan's ghost, novice HaHu


Innate Abilities, Weirdness & Mutations

You have sharp fingernails.
You are partially covered in icy blue scales. (AC +2)
You are significantly more attuned to the shadows.
When hurt, damage is shared between your health and your magic reserves.


Message History

An arrow appears from out of your range of vision.
The arrow hits your lightning spire!
Your lightning spire is destroyed!
The wyvern bites you!
Casting: Summon Ice Beast
Confirm with . or Enter, or press ? or * to list all spells.
A chill wind blows around you.
You hear a shout!
The wyvern closely misses you. The wyvern bites you.
The centaur shoots an arrow.
The arrow hits you!
* * * LOW HITPOINT WARNING * * *
You feel better. The wyvern bites you!
* * * LOW HITPOINT WARNING * * *
The centaur shoots an arrow.
The arrow hits you but does no damage.
Unknown command.
You are confused.
You feel invigorated. The wyvern bites you!
* * * LOW HITPOINT WARNING * * *
The wyvern bites you!
You die...

######
##########.#....#
#.......##.##.#.#
#.....o.##.##.#<# ##
#.......##.##.#### c..
#.......##.##.#..#
....#@......##.##.#.##
....clY.....'........#
#####(......######...#
.?...........#.###
................#
##############.[.#
##..# #.## ## #.h###


You could see a wyvern, a centaur, an orc and a friendly ice beast.

Vanquished Creatures
  A hungry ghost (D:7)
  Duvessa (D:6)
  An orc warrior (D:7)
  An ogre (D:4)
  2 centaurs
  A scorpion (D:8)
  2 howler monkeys (D:8)
  A centaur zombie (D:9)
  A crimson imp (D:6)
  3 hounds
  An orc priest (D:7)
  2 orc wizards
  2 worker ants
  9 adders
  A river rat (D:4)
  A shadow imp (D:7)
  An adder skeleton (D:7)
  3 worms
  A dart slug (D:1)
  A leopard gecko (D:8)
  9 orcs
  4 bats
  3 giant cockroaches
  2 goblins (D:2)
  3 hobgoblins
  4 jackals
  7 kobolds
  2 quokkas
  5 ball pythons
  4 frilled lizards
  A hobgoblin zombie (D:4)
  6 rats
  A plant (Sewer)
87 creatures vanquished.

Vanquished Creatures (collateral kills)
  A two-headed ogre (D:8)
  The ghost of Endymion the Nimble, a novice MfMo of Dithmenos (D:4)
  2 hippogriffs (D:7)
  Grinder (D:6)
  The ghost of Frank the Ducker, an amateur OpFi (D:3)
  A wyvern (D:8)
  Sigmund (D:5)
  2 orc warriors (D:8)
  A phantom (D:8)
  A sky beast (D:7)
  A black bear (D:6)
  3 ogres
  3 centaurs
  4 bullfrogs
  3 scorpions
  Dowan (D:6)
  A howler monkey (D:8)
  A bullfrog skeleton (D:8)
  3 hounds
  A jelly (D:8)
  4 orc priests
  An iguana (D:8)
  4 worker ants
  7 adders
  A howler monkey skeleton (D:6)
  2 river rats (D:4)
  2 shadow imps
  2 dart slugs
  4 leopard geckos
  23 orcs
  2 bats
  2 giant cockroaches
  6 goblins
  2 hobgoblins (D:3)
  4 jackals
  3 quokkas
  6 ball pythons
  7 frilled lizards
  A jackal zombie (D:4)
  6 kobolds
  2 rats
124 creatures vanquished.

Grand Total: 211 creatures vanquished

Notes
Turn   | Place    | Note
-------+----------+-------------------------------------------
     0 | D:1      | vatarom the Demonspawn Summoner began the quest for the Orb.
     0 | D:1      | Reached XP level 1. HP: 13/13 MP: 3/3
   871 | D:1      | Gained mutation: When hurt, damage is shared between your health and your magic reserves. [demonic ancestry]
   871 | D:1      | Reached XP level 2. HP: 20/20 MP: 3/5
   950 | D:1      | Learned a level 2 spell: Call Imp
  1213 | D:2      | Reached skill level 1 in Fighting
  1376 | D:1      | Gained mutation: You have sharp fingernails. [demonic ancestry]
  1376 | D:1      | Reached XP level 3. HP: 15/26 MP: 1/6
  1512 | D:1      | Learned a level 3 spell: Call Canine Familiar
  1921 | D:2      | Found a bloodstained altar of Trog.
  2782 | D:3      | Noticed Frank's ghost (amateur OpFi)
  2997 | D:3      | Gained mutation: You are slightly more attuned to the shadows. [demonic ancestry]
  2997 | D:3      | Reached XP level 4. HP: 32/32 MP: 2/7
  3128 | D:3      | Killed Frank's ghost
  3128 | D:3      | Reached skill level 5 in Summonings
  3128 | D:3      | Gained mutation: You are significantly more attuned to the shadows. [demonic ancestry]
  3128 | D:3      | Reached XP level 5. HP: 26/38 MP: 2/9
  3548 | D:3      | Learned a level 4 spell: Summon Lightning Spire
  4106 | D:4      | Found a glowing drain.
  4117 | Sewer    | Entered a sewer
  4172 | Sewer    | Reached skill level 1 in Air Magic
  5269 | D:4      | Gained mutation: You are partially covered in icy blue scales. (AC +2) [demonic ancestry]
  5269 | D:4      | Reached XP level 6. HP: 27/46 MP: 2/10
  5281 | D:4      | Noticed Endymion's ghost (novice MfMo)
  5500 | D:4      | Killed Endymion's ghost
  5751 | D:4      | Reached skill level 6 in Summonings
  6073 | D:4      | Reached XP level 7. HP: 49/52 MP: 1/12
  6241 | D:5      | Entered Level 5 of the Dungeon
  6298 | D:5      | Noticed Sigmund
  6320 | D:5      | Killed Sigmund
  7008 | D:5      | Found a burning altar of Makhleb.
  7255 | D:5      | Learned a level 4 spell: Summon Ice Beast
  7893 | D:6      | Reached skill level 7 in Summonings
  7947 | D:6      | Noticed Grinder
  7957 | D:6      | Killed Grinder
  7957 | D:6      | Reached skill level 1 in Polearms
  7957 | D:6      | Reached skill level 1 in Armour
  8091 | D:6      | Found a staircase to the Ecumenical Temple.
  8112 | Temple   | Entered the Ecumenical Temple
  8212 | Temple   | Became a worshipper of Ashenzari the Shackled
  8258 | D:6      | Reached XP level 8. HP: 56/60 MP: 3/14
  8330 | D:6      | Noticed Dowan
  8337 | D:6      | Killed Dowan
  8340 | D:6      | Noticed Duvessa
  8527 | D:6      | Killed Duvessa
  8820 | D:6      | Found Waeruni's Gadget Shoppe.
  9542 | D:7      | Noticed a hippogriff
  9543 | D:7      | Noticed a hippogriff
  9563 | D:7      | Killed a hippogriff
  9568 | D:7      | Killed a hippogriff
  9568 | D:7      | Reached skill level 5 in Fighting
 10340 | D:8      | Reached XP level 9. HP: 55/68 MP: 5/15
 11020 | D:8      | Reached skill level 8 in Summonings
 11085 | D:8      | Reached * piety under Ashenzari
 11350 | D:8      | Reached skill level 5 in Polearms
 11516 | D:8      | Noticed a two-headed ogre
 11523 | D:8      | Killed a two-headed ogre
 11813 | D:9      | Noticed kalagan's ghost (novice HaHu)
 11826 | D:9      | Found a staircase to the Lair.
 12156 | D:9      | Slain by a wyvern

Skill      XL: |  1  2  3  4  5  6  7  8  9 |
---------------+----------------------------+-----
Fighting       | 1 2 3 4 5 6 |  6.1
Spellcasting   | 3 4 |  4.0
Summonings     | 5 6 7 8 |  8.3
Air Magic      | 1 2 |  2.3
Polearms       | 1 4 5 |  5.5
Armour         | 1 3 4 |  4.3
Dodging        | |  1.7
Stealth        | |  1.7

Action                   |  1- 3 |  4- 6 |  7- 9 || total
-------------------------+-------+-------+-------++-------
Melee: Spear             |   186 |   195 |    27 ||   408
       Hand axe          |     3 |       |       ||     3
       Unarmed           |     2 |       |       ||     2
       Scythe            |       |       |    75 ||    75
       Trident           |       |       |   186 ||   186
 Cast: Summon Small Mamm |    14 |     1 |       ||    15
       Call Imp          |    16 |    11 |     1 ||    28
       Call Canine Famil |    14 |    20 |    23 ||    57
       Summon Lightning  |       |     5 |    39 ||    44
       Summon Ice Beast  |       |       |    19 ||    19
Invok: Curse Item        |       |       |     5 ||     5
Evoke: Wand              |       |       |     1 ||     1
  Use: Potion            |     2 |     2 |    10 ||    14
       Scroll            |     9 |     3 |    10 ||    22
 Stab: Sleeping          |     4 |     6 |     5 ||    15
       Distracted        |       |     3 |     6 ||     9
       Invisible         |       |       |     1 ||     1
  Eat: Chunk             |     4 |     4 |    19 ||    27
       Bread ration      |     1 |     2 |     3 ||     6
       Royal jelly       |     1 |       |       ||     1
       Meat ration       |       |       |     1 ||     1
       Fruit             |       |       |     1 ||     1
Armor: Robe              |    10 |    16 |    18 ||    44
       Skin              |       |       |    32 ||    32
       Leather armour    |       |       |    57 ||    57
Dodge: Dodged            |    42 |    65 |   176 ||   283
